 Dungeon Crawl Stone Soup version 0.23.1 (webtiles) character file.

Game seed: 2393728868678267334

3621 Peloso the Carver (level 9, 0/78 HPs)
             Began as a Minotaur Fighter on Mar 2, 2019.
             Was a Priest of Okawaru.
             Slain by a two-headed ogre
             ... wielding a +0 giant club
              (5 damage)
             ... on level 8 of the Dungeon.
             The game lasted 00:16:42 (6770 turns).

Peloso the Carver (Minotaur Fighter)                Turns: 6770, Time: 00:16:43

Health: 0/78       AC: 21    Str: 25    XL:     9   Next: 87%
Magic:  0/8        EV:  7    Int:  0    God:    Okawaru [***...]
Gold:   297        SH: 12    Dex: 11    Spells: 8/8 levels left

rFire    . . .     SeeInvis .   a - +2 falchion of the Badger {flame, rPois rC+ Str+2 Int-5}
rCold    + . .     Gourm    .   c - +0 shield
rNeg     . . .     Faith    .   u - +0 plate armour
rPois    +         Spirit   +   (helmet restricted)
rElec    .         Reflect  .   (no cloak)
rCorr    .         Harm     .   (no gloves)
MR       .....                  g - +0 pair of boots
Stlth    ..........             y - amulet of guardian spirit
HPRegen  0.23/turn              x - +3 ring of protection
MPRegen  0.11/turn              k - +3 ring of protection

@: slowed, lost intelligence, very slow
A: retaliatory headbutt, horns 2
a: Heroism, Renounce Religion


You were on level 8 of the Dungeon.
You worshipped Okawaru.
Okawaru was most pleased with you.
You were hungry.

You visited 2 branches of the dungeon, and saw 9 of its levels.

You collected 297 gold pieces.

Inventory:

Hand Weapons
 a - the +2 falchion of the Badger (weapon) {flame, rPois rC+ Str+2 Int-5}
   (You found it on level 7 of the Dungeon)

   It has been specially enchanted to burn those struck by it, causing extra
   injury to most foes and up to half again as much damage against particularly
   susceptible opponents.
   Big, fiery blades are also staple armaments of hydra-hunters.
   It affects your strength (+2).
   It affects your intelligence (-5).
   It protects you from cold.
   It protects you from poison.
Armour
 b - a +0 scale mail
 c - a +0 shield (worn)
 g - a +0 pair of boots (worn)
 u - a +0 plate armour (worn)
 v - a +0 chain mail
Jewellery
 h - an uncursed ring of ice
 i - an uncursed ring of protection from magic
 k - a +3 ring of protection (right hand)
 p - an uncursed ring of protection from fire
 w - an uncursed ring of ice
 x - a +3 ring of protection (left hand)
 y - an amulet of guardian spirit (around neck)
Wands
 t - a wand of flame (26)
 D - a wand of acid (8)
 E - a wand of disintegration (17)
Scrolls
 e - 2 scrolls of blinking {unknown}
 l - a scroll of enchant armour {unknown}
 m - 3 scrolls of magic mapping {unknown}
 n - 4 scrolls of remove curse
 o - 8 scrolls of identify
 q - 4 scrolls of noise {unknown}
 z - 2 scrolls of enchant weapon {unknown}
 C - a scroll of fear {unknown}
Potions
 d - 2 potions of might
 j - a potion of brilliance
 r - 4 potions of mutation
 s - 3 potions of flight
 A - 3 potions of heal wounds {unknown}
 B - 2 potions of curing
 F - a potion of berserk rage {unknown}
Comestibles
 f - 21 rations


   Skills:
 + Level 6.7 Fighting
 + Level 9.9 Long Blades
 + Level 8.7 Armour
 + Level 3.5 Dodging
 + Level 0.6 Stealth
 + Level 9.6 Shields
 + Level 0.3 Invocations
 + Level 0.4 Evocations


You had 8 spell levels left.
You didn't know any spells.
Your spell library contained the following spells:

 Spells                   Type           Power        Failure   Level  Hunger
 Magic Dart               Conj           #...         100%        1    ##.....
 Searing Ray              Conj           #.....       100%        2    ###....
 Dazzling Spray           Conj/Hex       #.....       100%        3    ####...
 Force Lance              Conj/Tloc      #.......     100%        4    #####..
 Fulminant Prism          Conj/Hex       #.........   100%        4    #####..
 Iskenderun's Mystic Bla  Conj           #.......     100%        4    #####..


Dungeon Overview and Level Annotations

Branches:
Dungeon (8/15)             Temple (1/1) D:5
   Lair: D:8-11

Altars:
Cheibriados
Elyvilon
Gozag
Kikubaaqudgha
Makhleb
Nemelex Xobeh
Okawaru
Qazlal
Ru
Sif Muna
Trog
Xom
Yredelemnul
Zin
The Shining One

Annotations:
D:6 exclusion: oklob plant


Innate Abilities, Weirdness & Mutations

You reflexively headbutt those who attack you in melee.
You have a pair of horns on your head.


Message History

You completely miss the two-headed ogre.
You headbutt the two-headed ogre!
The two-headed ogre is heavily wounded.
Unknown command.
You hit the two-headed ogre. You burn the two-headed ogre.
You headbutt the two-headed ogre.
The two-headed ogre is heavily wounded.
The two-headed ogre hits you with a +0 giant club!
* * * LOW HITPOINT WARNING * * *
The two-headed ogre hits you with a +0 giant club!!
* * * LOW HITPOINT WARNING * * *
Your plate armour prevents you from hitting the two-headed ogre.
You headbutt the two-headed ogre!
The two-headed ogre is severely wounded.
The two-headed ogre barely misses you. You furiously retaliate!
You headbutt the two-headed ogre!
You riposte.
You barely miss the two-headed ogre.
The two-headed ogre is almost dead.
The two-headed ogre hits you with a +0 giant club.
You die...

#...........# #.#......
#...........# #.#.###.#
#...........# #.#..<#.#
#.#########.# #.#####.#
#. #.# #.......# # #.#
######### # #.# #
#(#########.# ..
#.....@O....#
..#########..##########
.>...........#
############.# #.# #.#
#.# #.# #.#


You could see a two-headed ogre.

Vanquished Creatures
  A hornet (D:7)
  Prince Ribbit (D:7)
  4 hogs (D:7)
  A human (D:7)
  2 orc warriors (D:6)
  3 ogres
  A centaur (D:8)
  4 bullfrogs
  3 scorpions
  5 killer bees (D:8)
  A howler monkey (D:5)
  4 crimson imps
  A quasit (D:5)
  A gnoll shaman (D:7)
  5 orc priests
  4 hounds
  A bullfrog skeleton (D:5)
  2 iguanas
  8 orc wizards
  Natasha (thrice) (D:3)
  3 worker ants
  2 killer bee zombies
  2 hound zombies
  2 hound skeletons
  A howler monkey zombie (D:6)
  9 gnolls
  8 adders
  2 shadow imps
  2 oozes
  An adder zombie (D:8)
  An adder skeleton (D:6)
  5 worms
  3 dart slugs
  7 leopard geckos
  36 orcs
  5 giant cockroaches
  3 hobgoblins
  13 jackals
  4 quokkas
  A ball python skeleton (D:4)
  7 bats
  3 frilled lizards
  7 goblins
  6 kobolds
  A quokka zombie (D:7)
  8 rats
197 creatures vanquished.

Notes
Turn   | Place    | Note
-------+----------+-------------------------------------------
     0 | D:1      | Peloso the Minotaur Fighter began the quest for the Orb.
     0 | D:1      | Reached XP level 1. HP: 19/19 MP: 0/0
    45 | D:1      | You fall through a shaft!
    80 | D:2      | Reached XP level 2. HP: 23/27 MP: 1/1
   140 | D:2      | Found a glowing silver altar of Zin.
   196 | D:2      | Reached XP level 3. HP: 28/33 MP: 2/2
   457 | D:2      | Found a sparkling altar of Nemelex Xobeh.
   614 | D:2      | Found a deep blue altar of Sif Muna.
  1077 | D:1      | Reached XP level 4. HP: 40/40 MP: 3/3
  1480 | D:3      | Noticed Natasha
  1487 | D:3      | Killed Natasha
  1487 | D:3      | Reached skill level 1 in Dodging
  1704 | D:3      | Reached XP level 5. HP: 46/46 MP: 4/4
  1756 | D:3      | Noticed Natasha
  1763 | D:3      | Killed Natasha
  1975 | D:3      | Noticed Natasha
  1989 | D:3      | Killed Natasha
  2236 | D:3      | Reached skill level 5 in Armour
  2250 | D:3      | Found a white marble altar of Elyvilon.
  2290 | D:3      | Reached skill level 5 in Shields
  2461 | D:3      | Found a snail-covered altar of Cheibriados.
  2706 | D:4      | Reached XP level 6. HP: 52/53 MP: 5/5
  3168 | D:4      | Found a burning altar of Makhleb.
  3178 | D:4      | Reached skill level 5 in Long Blades
  3223 | D:4      | Reached XP level 7. HP: 52/60 MP: 6/6
  3456 | D:4      | Found a basalt altar of Yredelemnul.
  3457 | D:4      | Found a shimmering altar of Xom.
  3459 | D:4      | Found a glowing golden altar of the Shining One.
  3775 | D:5      | Entered Level 5 of the Dungeon
  4376 | D:5      | Found a staircase to the Ecumenical Temple.
  4403 | Temple   | Entered the Ecumenical Temple
  4527 | Temple   | Became a worshipper of Warmaster Okawaru
  4786 | D:6      | Reached XP level 8. HP: 66/67 MP: 7/7
  4860 | D:6      | Noticed an oklob plant
  4893 | D:6      | Reached skill level 5 in Fighting
  5283 | D:6      | Reached * piety under Okawaru
  5430 | D:6      | Found an ancient bone altar of Kikubaaqudgha.
  5615 | D:7      | Noticed Prince Ribbit
  5640 | D:7      | Killed Prince Ribbit
  5649 | D:7      | Noticed a hornet
  5707 | D:7      | Killed a hornet
  5707 | D:7      | Reached XP level 9. HP: 47/75 MP: 4/8
  5750 | D:7      | Reached ** piety under Okawaru
  5872 | D:7      | Got an ancient falchion
  5873 | D:7      | Lost intelligence.
  5873 | D:7      | Identified the +2 falchion of the Badger {flame, rPois rC+
                  | Str+2 Int-5} (You found it on level 7 of the Dungeon)
  6349 | D:8      | Reached *** piety under Okawaru
  6637 | D:8      | Found an ancient bone altar of Kikubaaqudgha.
  6762 | D:8      | Noticed a two-headed ogre
  6770 | D:8      | Slain by a two-headed ogre

Skill      XL: |  1  2  3  4  5  6  7  8  9 |
---------------+----------------------------+-----
Shields        | 4 5 6 8 9 |  9.6
Armour         | 4 5 6 7 8 |  8.7
Fighting       | 4 5 6 |  6.7
Long Blades    | 3 4 5 6 8 9 |  9.9
Dodging        | 1 2 3 |  3.5
Stealth        | |  0.6
Invocations    | |  0.3
Evocations     | |  0.4

Action                   |  1- 3 |  4- 6 |  7- 9 || total
-------------------------+-------+-------+-------++-------
Melee: Long sword        |   124 |   233 |   314 ||   671
       Headbutt          |    14 |    43 |   112 ||   169
       Falchion          |       |       |   163 ||   163
Invok: Heroism           |       |       |     1 ||     1
Evoke: Wand              |       |       |     2 ||     2
  Use: Scroll            |       |       |     5 ||     5
  Eat: Chunk             |       |     8 |    13 ||    21
Armor: Scale mail        |    79 |   127 |    74 ||   280
       Plate armour      |       |       |   152 ||   152
       Chain mail        |       |       |    10 ||    10
Dodge: Dodged            |    39 |    68 |   137 ||   244
Block: Shield            |    61 |   119 |   283 ||   463
       Rpst.: Long sword |    11 |    24 |    18 ||    53
       Falchion          |       |       |    14 ||    14
